 Dungeon Crawl Stone Soup version 0.16-a0-778-g0731923 (webtiles) character file.

289 Psiweapon the Gusty (level 6, -1/35 HPs)
             Began as a Tengu Air Elementalist on Sept 24, 2014.
             Was an Initiate of Vehumet.
             Slain by an ice beast (11 damage)
             ... on Level 5 of the Dungeon on Sept 25, 2014.
             The game lasted 00:32:43 (4677 turns).

Psiweapon the Gusty (Tengu Air Elementalist)        Turns: 4677, Time: 00:32:45

HP  -1/35        AC  3     Str  9      XL: 6   Next: 31%
MP   6/12        EV 12     Int 19      God: Vehumet [......]
Gold 210         SH  0     Dex 14      Spells:  3 memorised,  1 level left

rFire  . . .     SeeInvis .     M - +1 short sword (flame)
rCold  . . .     Clarity  +     y - +0 leather armour
rNeg   . . .     rCorr    .     (no shield)
rPois  .         rRot     .     (helmet restricted)
rElec  .         Spirit   .     (no cloak)
SustAb .         Warding  .     (no gloves)
rMut   .         Stasis   .     (boots unavailable)
Gourm  .                        o - amulet of clarity
MR     +....                    m - ring of protection from magic
                                j - ring of regeneration

@: very slightly contaminated, somewhat resistant to hostile enchantments,
unstealthy
A: able to fly, beak, talons 3, blink 1, clever 1, robust 1
a: Fly, Blink, Renounce Religion


You were on level 5 of the Dungeon.
You worshipped Vehumet.
Vehumet was noncommittal.
You were hungry.

You visited 2 branches of the dungeon, and saw 6 of its levels.

You collected 210 gold pieces.

Inventory:

Hand weapons
 e - a +0 club
 p - a +0 dagger
 q - a +0 spear
 t - a +1 dagger of holy wrath
 u - a +0 trident
 x - a +0 cutlass
 B - a +0 falchion
 L - a +0 blowgun
 M - a +1 short sword of flaming (weapon)
Missiles
 d - 18 stones (quivered)
 i - 26 poisoned needles
 P - 2 javelins
Armour
 a - a +0 robe
 y - a +0 leather armour (worn)
Magical devices
 A - a wand of digging (16) {unknown}
Comestibles
 c - 4 bread rations
 g - 9 fruits
 r - a slice of pizza
 O - 2 rotting chunks of hobgoblin flesh
Scrolls
 f - a scroll of enchant armour {unknown}
 h - 3 scrolls of teleportation {unknown}
 l - 2 scrolls of recharging {unknown}
 n - a scroll of noise {unknown}
 s - a scroll of random uselessness {unknown}
 v - 2 scrolls of remove curse {unknown}
 F - a scroll of blinking {unknown}
 G - a scroll of amnesia {unknown}
 H - 3 scrolls of identify {unknown}
 J - 2 scrolls of immolation {unknown}
Jewellery
 j - a ring of regeneration (left hand)
 m - a ring of protection from magic (right hand)
 o - an amulet of clarity (around neck)
 w - an uncursed amulet of guardian spirit
Potions
 k - a potion of mutation
 z - 2 potions of might
 C - a potion of curing
 D - a potion of restore abilities
 E - a potion of flight {unknown}
 I - a potion of heal wounds {unknown}
 K - a potion of resistance {unknown}
 N - a potion of cancellation {unknown}
Books
 b - a book of Air

   Spells                             Type                      Level
   *Shock                             Conjuration/Air              1
   *Swiftness                         Charms/Air                   2
   Repel Missiles                     Charms/Air                   2
   Flight                             Charms/Air                   3
   Static Discharge                   Conjuration/Air              3
   *Lightning Bolt                    Conjuration/Air              5


   Skills:
 - Level 3.4 Dodging
 - Level 3.2 Stealth
 - Level 2.0 Spellcasting
 + Level 4.9 Conjurations
 + Level 6.0 Air Magic


You had one spell level left.
You knew the following spells:

 Your Spells              Type           Power        Failure   Level  Hunger
a - Shock                 Conj/Air       ###.         1%          1    #......
b - Swiftness             Chrm/Air       ##......     10%         2    ##.....
c - Lightning Bolt        Conj/Air       ###.......   50%         5    ######.


Dungeon Overview and Level Annotations

Branches:
Dungeon (5/15)             Temple (1/1) D:4

Altars:
Ashenzari
Cheibriados
Makhleb
Nemelex Xobeh
Okawaru
Qazlal
Trog
Vehumet
Xom
Zin
The Shining One


Innate Abilities, Weirdness & Mutations

You can fly.
You have a beak for a mouth.
You have claws for feet.
You can translocate small distances at will.
Your mind is acute. (Int +2)
You are robust (+10% HP).


Message History

Press: ? - help, Shift-Dir - straight line The zap hits the ice beast.
The ice beast is moderately wounded.
The zap hits the ice beast.
The ice beast is heavily wounded.
You barely miss the ice beast. You claw the ice beast.
The ice beast is heavily wounded.
The ice beast hits you. The ice beast freezes you!
You hit the ice beast but do no damage. Your peck misses the ice beast.
The ice beast is heavily wounded.
The ice beast hits you. The ice beast freezes you.
* * * LOW HITPOINT WARNING * * *
Casting: Shock
Confirm with . or Enter, or press ? or * to list all spells.
You miscast Swiftness.
You are very lightly contaminated with residual magic.
You feel momentarily weightless. The ice beast hits you.
* * * LOW HITPOINT WARNING * * *
The ice beast freezes you!
You die...

....................)#
.....................#
.........##.........##
..........##.......##
.........#.##....###
#####...###..#..##
#..## ##..### ## ..##
##..####### ####...
#...@Y...####...#
#..######.....# #..##
###...# #..# ##..##
#..## ##..# .... #..#
... ##.# . #.. #...


You could see an ice beast.

Vanquished Creatures
  An ogre (D:4)
  A worker ant (D:4)
  8 adders
  A giant mite (D:3)
  2 worms
  5 giant geckos
  3 oozes
  3 orcs (D:3)
  10 giant cockroaches
  9 goblins
  11 hobgoblins
  8 kobolds
  3 quokkas
  A ball python (D:2)
  8 bats
  2 giant newts
  5 jackals (D:2)
  6 rats
  A rat skeleton (D:4)
88 creatures vanquished.

Notes
Turn   | Place    | Note
--------------------------------------------------------------
     0 | D:1      | Psiweapon, the Tengu Air Elementalist, began the quest for the Orb.
     0 | D:1      | Reached XP level 1. HP: 10/10 MP: 3/3
    90 | D:1      | Reached XP level 2. HP: 1/15 MP: 0/5
   489 | D:1      | Learned a level 2 spell: Swiftness
   660 | D:1      | Reached XP level 3. HP: 8/19 MP: 2/7
  1812 | D:2      | Reached XP level 4. HP: 1/24 MP: 1/8
  1812 | D:2      | HP: 1/24 [poisoned by an adder]
  1813 | D:2      | Gained mutation: Your mind is acute. (Int +2) [potion of mutation]
  1813 | D:2      | Gained mutation: You can translocate small distances at will. [potion of mutation]
  1813 | D:2      | Gained mutation: You are robust (+10% HP). [potion of mutation]
  2542 | D:3      | Reached skill level 5 in Air Magic
  2668 | D:3      | Reached XP level 5. HP: 30/30 MP: 4/11
  3373 | D:3      | Learned a level 5 spell: Lightning Bolt
  3594 | D:4      | Found a staircase to the Ecumenical Temple.
  3594 | D:4      | Noticed an ogre
  3615 | D:4      | Killed an ogre
  3615 | D:4      | Reached XP level 6. HP: 21/35 MP: 10/12
  3648 | Temple   | Entered the Ecumenical Temple
  3695 | Temple   | Became a worshipper of Vehumet
  3718 | D:4      | Reached skill level 6 in Air Magic
  4429 | D:5      | Entered Level 5 of the Dungeon
  4677 | D:5      | Slain by an ice beast

Action                   |  1- 3 |  4- 6 || total
-------------------------+-------+-------++-------
Melee: Club              |    15 |       ||    15
       Dagger            |    28 |       ||    28
       Cutlass           |       |    76 ||    76
       Short sword       |       |    10 ||    10
Throw: Stone             |       |    13 ||    13
 Cast: Shock             |    56 |    79 ||   135
       Swiftness         |     1 |       ||     1
  Use: Potion            |       |     4 ||     4
 Stab: Sleeping          |     2 |     2 ||     4
  Eat: Chunk             |     4 |    10 ||    14
